 Dungeon Crawl Stone Soup version 0.27.1 (webtiles) character file.

Game seed: 14330121192388908923

34 Malachi the Chiller (level 3, -2/24 HPs)
             Began as a Demonspawn Ice Elementalist on Aug 25, 2021.
             Slain by a goblin (4 damage)
             ... led by Robin
             ... on level 1 of the Dungeon.
             The game lasted 00:02:04 (1502 turns).

Malachi the Chiller (Demonspawn Ice Elementalist)   Turns: 1502, Time: 00:02:05

Health: -2/24      AC:  5    Str:  8    XL:     3   Next: 14%
Magic:  2/6        EV: 12    Int: 17    God:
Gold:   14         SH:  0    Dex: 13    Spells: 5/6 levels left

rFire    . . .     SeeInvis .   e - +0 dagger
rCold    . . .     Faith    .   (no shield)
rNeg     . . .     Spirit   .   a - +0 robe
rPois    .         Reflect  .   (no helmet)
rElec    .         Harm     .   f - +0 cloak
rCorr    .         Rampage  .   (no gloves)
Will     .....                  (no boots)
Stlth    ++........             (no amulet)
HPRegen  0.08/turn              (no ring)
MPRegen  0.10/turn              (no ring)

@: lethally poisoned (-2 -> -5)
A: icy blue scales 1, ignite blood 1
a: no special abilities


You were on level 1 of the Dungeon.
You visited 1 branch of the dungeon, and saw 2 of its levels.

You collected 14 gold pieces.

Inventory:

Hand Weapons
 c - a +0 club
 e - a +0 dagger (weapon)
Armour
 a - a +0 robe (worn)
 f - a +0 cloak (worn)
Jewellery
 g - an amulet of regeneration
Potions
 b - a potion of mutation {unknown}
 d - a potion of lignification {unknown}


   Skills:
 - Level 1.7 Dodging
 - Level 1.7 Stealth
 - Level 2.0 Spellcasting
 * Level 4.6 Ice Magic


You had 5 spell levels left.
You knew the following spells:

 Your Spells              Type           Power      Damage    Failure   Level
a - Freeze                Ice            68%        1d8       3%          1

Your spell library contained the following spells:

 Spells                   Type           Power      Damage    Failure   Level
 Frozen Ramparts          Ice            34%        1d5       9%          3
 Ozocubu's Armour         Ice            17%        N/A       9%          3
 Hailstorm                Conj/Ice       9%         3d4       58%         4


Dungeon Overview and Level Annotations

Branches:
Dungeon (2/15)

Altars:

Annotations:
D:2 Robin


Innate Abilities, Weirdness & Mutations

You are partially covered in icy blue scales. (AC +2)
Your demonic aura sometimes causes spilled blood to erupt in flames.


Message History

Found a stone staircase leading up.
The adder misses you.
There is a stone staircase leading up here.
The hobgoblin hits you. The adder closely misses you.
The goblin closely misses you.
You climb upwards.
There is a stone staircase leading down here.
Unknown command.
Aiming: Freeze (safe; 3% risk of failure)
Press: ? - help, Q - select action Shift-Dir - straight line, f - hobgoblin
Aim: a hobgoblin (strong)
You freeze the hobgoblin.
The hobgoblin is almost dead.
The adder misses you. The hobgoblin barely misses you.
The goblin hits you with a +0 dagger. The adder bites you.
You are poisoned.
The adder poisons you!
Aiming: Freeze (safe; 3% risk of failure)
Press: ? - help, Q - select action Shift-Dir - straight line, f/p - hobgoblin
Aim: a hobgoblin (almost dead, strong)
You freeze the hobgoblin!
You kill the hobgoblin!
You feel sick. The goblin hits you with a +0 dagger.
* * * LOW HITPOINT WARNING * * *
The adder closely misses you.
Aiming: Freeze (safe; 3% risk of failure)
Press: ? - help, Q - select action Shift-Dir - straight line, f - adder
Aim: an adder You freeze the adder!
The adder is almost dead.
You feel sick. The goblin hits you with a +0 dagger.
* * * LOW HITPOINT WARNING * * *
The adder bites you but does no damage.
Aiming: Freeze (safe; 3% risk of failure)
Press: ? - help, Q - select action Shift-Dir - straight line, f/p - adder
Aim: an adder (almost dead)
You freeze the adder.
You kill the adder!
* * * LOW HITPOINT WARNING * * *
You feel sick. The goblin hits you with a +0 dagger.
You die...

###############
#.............#
#.###########.# #.#
#.# #.# #.# #.# #.#
######÷###########.#
................@#.#
######.#.#####..†g.#
######.#...# #.#####
(..#.....#.# #.#
##.#.#.#.#.###.#
.....#.#.#.....#
.#...#.#.#########
##.....#.....)...#
#.#.###########.#


You could see a goblin (strong).

Vanquished Creatures
  An adder (D:1)
  2 dart slugs (D:1)
  3 bats (D:1)
  2 giant cockroaches (D:1)
  3 goblins
  2 hobgoblins (D:1)
  8 jackals (D:1)
  3 ball pythons
  2 kobolds (D:1)
  A rat (D:1)
27 creatures vanquished.

Notes
Turn   | Place    | Note
-------+----------+-------------------------------------------
     0 | D:1      | Malachi the Demonspawn Ice Elementalist began the quest for
                  | the Orb.
     0 | D:1      | Reached XP level 1. HP: 13/13 MP: 3/3
   120 | D:1      | Reached skill level 4 in Ice Magic
   437 | D:1      | Gained mutation: You are partially covered in icy blue
                  | scales. (AC +2) [demonic ancestry]
   437 | D:1      | Reached XP level 2. HP: 19/19 MP: 0/5
  1226 | D:1      | Gained mutation: Your demonic aura sometimes causes spilled
                  | blood to erupt in flames. [demonic ancestry]
  1226 | D:1      | Reached XP level 3. HP: 21/24 MP: 2/6
  1487 | D:2      | Noticed Robin
  1502 | D:1      | Slain by a goblin

Illustrated notes

Levels and vault maps discovered:
D:1:      ebering_trefoil_3fold, layout_basic, minmay_hexomino_f4
D:2:      layout_rooms, hellmonk_ecumenical_altar_slurped_away, uniq_natasha,
          uniq_robin, uniq_crazy_yiuf_cottage

Skill      XL: |  1 |
---------------+----+-----
Ice Magic      | 4 |  4.6
Dodging        | |  1.7
Stealth        | |  1.7
Spellcasting   | |  2.0

Action                   || total
-------------------------++-------
Melee: Unarmed           ||     1
       Club              ||     7
       Dagger            ||     1
 Cast: Freeze            ||    44
Armor: Robe              ||    15
Dodge: Dodged            ||    61
